 Dungeon Crawl Stone Soup version 0.31-a0-1576-ga3383bade6 (webtiles) character file.

Game seed: 13353854881258373037

126 timneilson the Shield-Bearer (level 5, -2/33 HPs)
             Began as a Gargoyle Fighter on Jan 5, 2024.
             Slain by Crazy Yiuf
             ... wielding a +2 quarterstaff of chaos
              (16 damage)
             ... on level 2 of the Dungeon.
             The game lasted 00:02:57 (1736 turns).

timneilson the Shield-Bearer (Gargoyle Fighter)     Turns: 1736, Time: 00:02:58

Health: -2/33      AC:  0    Str: 20    XL:     5   Next: 10%
Magic:  5/5        EV: 18    Int:  8    God:
Gold:   92         SH:  0    Dex: 16    Spells: 4/4 levels left

rFire   . . .        a - melded +0 long sword
rCold   . . .        c - melded +0 buckler
rNeg    + . .        b - melded +0 scale mail
rPois   ∞            h - melded +0 helmet
rElec   .            (cloak currently unavailable)
rCorr   .            (gloves currently unavailable)
SInv    .            (boots currently unavailable)
Will    .....        (no amulet)
Stlth   +            j - melded +6 ring of strength
HPRegen 0.25/turn    (ring currently unavailable)
MPRegen 0.09/turn

%: no passive effects
@: bat-form, flying, very quick
A: fast, flying, no casting, sickness immunity, AC +4, tiny, negative energy
resistance 1, (electricity resistance), torment resistance 1, petrification
resistance
a: no special abilities


You were on level 2 of the Dungeon.
You were a bat.
You visited 1 branch of the dungeon, and saw 2 of its levels.

You collected 92 gold pieces.

Inventory:

Hand Weapons
 a - a +0 long sword (melded)
Armour
 b - a +0 scale mail (melded)
 c - a +0 buckler (melded)
 h - a +0 helmet (melded)
Jewellery
 j - a +6 ring of strength (melded)
Scrolls
 g - a scroll of fog
Potions
 d - a potion of might
 e - a potion of invisibility {unknown}
 f - 2 potions of brilliance
 l - a potion of ambrosia {unknown}


   Skills:
 + Level 3.8 Fighting
 * Level 2.7 Long Blades
 * Level 4.2 Armour
 + Level 0.8 Dodging
 * Level 4.2 Shields


You had 4 spell levels left.
You didn't know any spells.
Your spell library contained the following spells:

 Spells                   Type           Power      Damage    Failure   Level
 Animate Armour           Summ/Erth      0%         N/A       99%         4
 Summon Lightning Spire   Summ/Air       0%         N/A       99%         4
 Lee's Rapid Deconstruct  Erth           0%         3d4*      100%        5


Dungeon Overview and Level Annotations

Branches:
Dungeon (2/15)

Altars:

Annotations:
D:2 1 runed translucent door, Crazy Yiuf


Innate Abilities, Weirdness & Mutations

You are a bat.
You are tiny and dextrous.
You move quickly.
You are flying.
Your equipment is almost entirely melded.
You are incapable of wielding weapons or throwing items.
You cannot cast spells.
You are immune to sickness and miasma.
((Your stone body is resilient. (AC +4)))
You are immune to poison.
You resist negative energy. (rN+)
((You are resistant to electric shocks. (rElec)))
You are resistant to unholy torment.
You are immune to petrification.


Message History

It is a scroll of amnesia.
You feel forgetful for a moment.
As you read the scroll labelled ITEXUF MIJIPN, it crumbles to dust.
You feel strangely unstable.
It was a scroll of teleportation.
As you read the scroll labelled PUROMU ZILOO, it crumbles to dust.
It is a scroll of identify.
f - 2 potions of brilliance Crazy Yiuf yells, "Mugger!"
Your surroundings seem slightly different.
Crazy Yiuf hits you with a +2 quarterstaff of chaos.
You turn into a bat.
Your +0 long sword melds into your body.
Your +0 helmet melds into your body.
Your +0 buckler melds into your body.
Your +0 scale mail melds into your body.
Your +6 ring of strength melds into your body.
You feel weaker.
You hit Crazy Yiuf but do no damage.
Unknown command.
You hit Crazy Yiuf.
Crazy Yiuf is lightly wounded.
Crazy Yiuf laughs, "Candle!"
Crazy Yiuf completely misses you.
You hit Crazy Yiuf but do no damage.
Crazy Yiuf is lightly wounded.
Crazy Yiuf barely misses you.
You hit Crazy Yiuf but do no damage.
Crazy Yiuf is lightly wounded.
Crazy Yiuf closely misses you.
You hit Crazy Yiuf.
Crazy Yiuf is moderately wounded.
Crazy Yiuf hits you with a +2 quarterstaff of chaos.
Crazy Yiuf freezes you.
You hit Crazy Yiuf.
Crazy Yiuf is heavily wounded.
Crazy Yiuf barely misses you.
You closely miss Crazy Yiuf.
Crazy Yiuf is heavily wounded.
Crazy Yiuf hits you with a +2 quarterstaff of chaos!
You are electrocuted!
You die...

#..##.#
♣P..P♣
####..
#..##.#
♣.P.♣♣ #..
......#
♣♣)♣♣ ####
#..
.....##
♣)♣♣ #..#
###
.###.###
♣♣.♣ ##.#
###### .#
#...# ♣.♣♣
#.# #.....
.###.#.#
♣♣)♣ #.#
#.####
.....#.#
##+##
#.###.#
##<#.#.#
#bg.#
#...#.##
...#...#
#...#
###....##
.#####.#
#..)#
##.....##
...#...#
#####
##.......#
...#..##
#.........
##...##
###
#<....>..#
###..# #.#
#)#.......
# #..# #.#
#.##...###
# #>.# #.#
#.###.## #


You could see Crazy Yiuf.

Vanquished Creatures
  Natasha (twice) (D:2)
  Robin (D:2)
  2 dart slugs
  3 orcs (D:2)
  3 ball pythons
  3 bats (D:1)
  5 endoplasms (D:1)
  3 giant cockroaches
  14 goblins
  3 hobgoblins (D:1)
  2 jackals (D:1)
  7 kobolds (D:1)
  3 quokkas (D:1)
  2 frilled lizards (D:1)
53 creatures vanquished.

Notes
Turn   | Place    | Note
-------+----------+-------------------------------------------
     0 | D:1      | timneilson the Gargoyle Fighter began the quest for the
                  | Orb.
     0 | D:1      | Reached XP level 1. HP: 14/14 MP: 1/1
    93 | D:1      | Reached XP level 2. HP: 15/19 MP: 2/2
   312 | D:1      | Reached XP level 3. HP: 22/23 MP: 3/3
   323 | D:1      | Found a faded altar of an unknown god.
  1034 | D:2      | Reached XP level 4. HP: 28/28 MP: 4/4
  1037 | D:2      | Noticed Robin
  1047 | D:2      | Killed Robin
  1073 | D:2      | Noticed Natasha
  1121 | D:2      | Killed Natasha
  1379 | D:2      | Noticed Natasha
  1386 | D:2      | Killed Natasha
  1387 | D:2      | Reached XP level 5. HP: 28/33 MP: 5/5
  1540 | D:2      | Found a runed translucent door.
  1541 | D:2      | Noticed Crazy Yiuf
  1736 | D:2      | Slain by Crazy Yiuf

Illustrated notes

Levels and vault maps discovered:
D:1:      dpeg_arrival_arbitrary_a, layout_loops_ring,
          hellmonk_ecumenical_altar_leap_of_faith,
          corexii_item_surrounded_by_moat
D:2:      layout_loops_ring, uniq_natasha, uniq_robin, uniq_crazy_yiuf_cottage

Skill      XL: |  1  2  3  4 |
---------------+-------------+-----
Long Blades    | 2 |  2.7
Armour         | 4 |  4.2
Shields        | 4 |  4.2
Fighting       | |  3.8
Dodging        | |  0.8

Action                     |  1- 3 |  4- 6 || total
---------------------------+-------+-------++-------
  Melee: Long sword        |   123 |    50 ||   173
         Unarmed           |       |     7 ||     7
    Use: Scroll            |     5 |     3 ||     8
 Armour: Scale mail        |    93 |    42 ||   135
         Skin              |       |     2 ||     2
  Dodge: Dodged            |    52 |    37 ||    89
  Block: Buckler           |    32 |    14 ||    46

Table legend: (Time is in decaauts)
 A = Elapsed time spent in this place.
 B = Non-inter-level travel time spent in this place.
 C = Inter-level travel time spent in this place.
 D = Time resting spent in this place.
 E = Time spent auto-exploring this place.
 F = Levels seen in this place.
 G = Mean time per level.
                   A        B        C        D        E       F      G
               +--------+--------+--------+--------+--------+-----+--------+
         Total |   1800 |   1743 |     57 |      0 |   1285 |   2 |  900.0 |
       Dungeon |   1800 |   1743 |     57 |      0 |   1285 |   2 |  900.0 |
               +--------+--------+--------+--------+--------+-----+--------+

Top non-repeatable levels by time:
     D:1: 945 daAuts
     D:2: 855 daAuts
